 Dungeon Crawl Stone Soup version 0.31-a0-102-g33a4ccc0cb (webtiles) character file.

Game seed: 10795912259278278904

11 Esekla the Sneak (level 2, 21/21 HPs)
             Began as an Octopode Delver on May 26, 2023.
             Quit the game on level 5 of the Dungeon.
             The game lasted 00:00:31 (50 turns).

Esekla the Sneak (Octopode Delver)                    Turns: 50, Time: 00:00:32

Health: 21/21      AC:  1    Str: 11    XL:     2   Next: 29%
Magic:  2/2        EV: 13    Int: 12    God:
Gold:   27         SH:  0    Dex: 13    Spells: 1/1 levels left

rFire   . . .        a - +0 falchion
rCold   . . .        (no shield)
rNeg    . . .        (helmet restricted)
rPois   .            (no amulet)
rElec   .            (no ring)
rCorr   .            (no ring)
SInv    .            (no ring)
Will    .....        (no ring)
Stlth   ++++         (no ring)
HPRegen 0.23/turn    (no ring)
MPRegen 0.08/turn    (no ring)
                     (no ring)

%: no passive effects
@: no status effects
A: almost no armour, amphibious, 8 rings, camouflage 1, gelatinous body 1,
(nimble swimmer 1), tentacles
a: no special abilities


You were on level 5 of the Dungeon.
You visited 1 branch of the dungeon, and saw 1 of its levels.

You collected 27 gold pieces.

Inventory:

Hand Weapons
 a - a +0 falchion (weapon)
Wands
 f - a wand of digging (3)
Scrolls
 b - a scroll of fog
 d - a scroll of fear
 g - a scroll of teleportation {unknown}
Potions
 e - a potion of haste


   Skills:
 * Level 3.1 Fighting
 * Level 2.1 Long Blades
 * Level 2.1 Dodging
 + Level 6.9 Stealth
 * Level 0.3 Spellcasting


You had one spell level left.
You didn't know any spells.
Your spell library was empty.

Dungeon Overview and Level Annotations

Branches:
Dungeon (5/15)
 Temple: D:4-7

Altars:


Innate Abilities, Weirdness & Mutations

You cannot wear most types of armour.
You are amphibious.
You can wear up to eight rings at the same time.
Your skin changes colour to match your surroundings (Stealth+).
Your rubbery body absorbs attacks. (AC +1, EV +1)
((You are camouflaged when in or above water. (Stealth+)))
You have tentacles for arms and can constrict up to eight enemies at once.


Message History

Welcome, Esekla the Octopode Delver.
A smirking vizier told you that the Orb of Zot is just within this dungeon.
Press ? for a list of commands and other information.
Found 14 gold pieces.
Found a stone staircase leading down and a stone staircase leading up.
Found a scroll labelled OMIKAE AHULA.
You now have 14 gold pieces.
An orc comes into view. It is wielding a +0 club.
Found 13 gold pieces.
You see here a scroll labelled OMIKAE AHULA.
The orc shouts!
You hit the orc but do no damage. You grab the orc. You constrict the orc.
You hear an angry hiss.
An adder comes into view.
The orc misses you.
You hit the orc.
The orc is almost dead.
You constrict the orc.
You kill the orc!
You closely miss the adder. Your grab misses the adder. The adder bites you.
The adder closely misses you.
You hit the adder. Your grab misses the adder.
The adder is heavily wounded.
The adder bites you. The adder closely misses you.
You hit the adder. You grab the adder. Your squeeze misses the adder.
The adder is severely wounded.
You constrict the adder. The adder bites you.
You hit the adder.
You kill the adder!
You have reached level 2!
Things that are here:
a +0 club; an orc corpse
g - a scroll labelled OMIKAE AHULA You start resting.
HP restored.
You now have 27 gold pieces (gained 13).
As you read the scroll of magic mapping, it crumbles to dust.
You feel aware of your surroundings.
Are you sure you want to abandon this character and quit the game? (Confirm with "yes".)

###.#.....#.##.#*,#***,,*,*,*
#...........##.##.****,,*,,,,
#.#.#.)..........,,,,*,,***,*
****,#,#.....#.##.##,**,*,,***,*
*,,,....###.......#*,*,,,,,,,,,*
*,*#.#............#*,,,,,,,*****
*,**,#...#####.####*,,,,,,,*
*,**,...,* ###.### *,,,,,,,*
*,**##.,,* #...@.# *,,,,,,,*
*,,,,,,,***#.....# **^,,,,**
****,,,,,,*#.....# **,,,**
*,**,*,*#.....# ***,***
*,**,*,*#.....# *,,,*
*,**,*,*####### *,***
*,**,*,**********,*
*,**,*,**,,,,,,,*,*
*,,,,,,**,*****,*,*


There were no monsters in sight!

Vanquished Creatures
  An adder (D:5)
  An orc (D:5)
2 creatures vanquished.

Notes
Turn   | Place    | Note
-------+----------+-------------------------------------------
     0 | D:5      | Esekla the Octopode Delver began the quest for the Orb.
     0 | D:5      | Reached XP level 1. HP: 16/16 MP: 1/1
    14 | D:5      | Reached XP level 2. HP: 14/21 MP: 2/2
    50 | D:5      | Quit the game

Illustrated notes

Levels and vault maps discovered:
D:5:      layout_loops_cross, gammafunk_ghost_smash

Action                     || total
---------------------------++-------
  Melee: Falchion          ||     6
         Constrict         ||     2
    Use: Scroll            ||     1
  Dodge: Dodged            ||     3

Table legend: (Time is in decaauts)
 A = Elapsed time spent in this place.
 B = Non-inter-level travel time spent in this place.
 C = Inter-level travel time spent in this place.
 D = Time resting spent in this place.
 E = Time spent auto-exploring this place.
 F = Levels seen in this place.
 G = Mean time per level.
                   A        B        C        D        E       F      G
               +--------+--------+--------+--------+--------+-----+--------+
         Total |     51 |     51 |      0 |     24 |      0 |   1 |   51.0 |
       Dungeon |     51 |     51 |      0 |     24 |      0 |   1 |   51.0 |
               +--------+--------+--------+--------+--------+-----+--------+

Top non-repeatable levels by time:
     D:5: 51 daAuts
